 Dungeon Crawl Stone Soup version 0.30-a0-297-g0ec75d9ef4 (webtiles) character file.

Game seed: 6841563075742984554

646 lunkers the Geomancer (level 8, -2/57 HPs)
             Began as a Meteoran Wanderer on Oct 19, 2022.
             Was an Initiate of Gozag.
             Slain by Edmund
             ... wielding a +1 dire flail of protection
              (12 damage)
             ... on level 5 of the Dungeon.
             The game lasted 00:04:41 (1504 turns).

lunkers the Geomancer (Meteoran Wanderer)           Turns: 1504, Time: 00:04:41

Health: -2/57      AC:  3    Str: 23    XL:     8   Next: 9%
Magic:  5/15       EV: 11    Int: 14    God:    Gozag
Gold:   437        SH:  0    Dex: 12    Spells: 9/16 levels left

rFire   + . .      SeeInvis .    o - +0 dagger
rCold   . . .      Faith    .    (no shield)
rNeg    . . .      Spirit   .    n - +1 robe {rF+}
rPois   .          Reflect  .    (no helmet)
rElec   .          Harm     .    t - scarf {repulsion}
rCorr   .          Rampage  .    (no gloves)
Will    +....                    (no boots)
Stlth   +.........               (no amulet)
HPRegen 0.29/turn                w - +6 ring of strength
MPRegen 0.14/turn                (no ring)

@: about to teleport, marked, glowing, repel missiles
A: sense surroundings 1, otherworldly, glowing, explore regen
a: Renounce Religion, Potion Petition, Call Merchant, Bribe Branch


You were on level 5 of the Dungeon.
You worshipped Gozag.
Gozag was aware of your devotion.
You visited 1 branch of the dungeon, and saw 5 of its levels.

You collected 437 gold pieces.

Inventory:

Hand Weapons
 a - a +0 club
 o - a +0 dagger (weapon)
 u - a +1 vampiric short sword
Armour
 b - a +0 scale mail
 n - a +1 robe of fire resistance (worn)
 t - a scarf of repulsion (worn)
 v - an orb of guile
Magical Staves
 m - a staff of poison
Jewellery
 w - a +6 ring of strength (left hand)
 x - a ring of fire
Wands
 j - a wand of flame (12)
Scrolls
 d - a scroll of silence
 f - 2 scrolls of poison
 l - a scroll of enchant armour {unknown}
 q - a scroll of magic mapping {unknown}
 r - 2 scrolls of identify
Potions
 c - 2 potions of berserk rage
 e - a potion of cancellation {unknown}
 g - 2 potions of might
 i - 2 potions of lignification {unknown}
 k - 2 potions of heal wounds {unknown}
 p - a potion of degeneration {unknown}
 s - a potion of invisibility {unknown}


   Skills:
 - Level 2.4 Armour
 - Level 2.4 Unarmed Combat
 + Level 4.6 Spellcasting
 * Level 4.3 Transmutations
 + Level 8.5 Earth Magic
 - Level 1.2 Evocations


You had 9 spell levels left.
You knew the following spells:

 Your Spells              Type           Power      Damage    Failure   Level
a - Sandblast             Erth           54%        2d13      1%          1
b - Passwall              Tmut/Erth      17%        N/A       1%          2
c - Petrify               Tmut/Erth      21%        N/A       13%         4

Your spell library contained the following spells:

 Spells                   Type           Power      Damage    Failure   Level
 Cause Fear               Hex            1%         N/A       88%         4
 Dragon Form              Tmut           7%         N/A       100%        7
 Dragon's Call            Summ           1%         N/A       100%        9


Dungeon Overview and Level Annotations

Branches:
Dungeon (5/15) Zot: 1426
 Temple: D:4-7

Altars:
Gozag

Annotations:
D:5 Duvessa, Edmund


Innate Abilities, Weirdness & Mutations

You passively map a small area around you.
You are easily found by Zot.
You glow in the dark.
You regain HP and MP as you explore.


Message History

Edmund closely misses you.
A white imp comes into view.
Unknown command.
Unknown command.
Unknown command.
Aiming: Sandblast (safe; 1% risk of failure)
Press: ? - help, Q - select action, (/) - cycle Shift-Dir - straight line, f/p - Edmund
Aim: Edmund, wielding a +1 dire flail of protection and wearing a +0 scale mail (lightly wounded, 85% to hit)
The blast of sand hits Edmund.
Edmund is moderately wounded.
The ufetubus is no longer distracted by gold.
Edmund hits you with a +1 dire flail of protection.
* * * LOW HITPOINT WARNING * * *
An iguana comes into view.
Edmund hits you with a +1 dire flail of protection!
* * * LOW HITPOINT WARNING * * *
Unknown command.
Aiming: Sandblast (safe; 1% risk of failure)
Press: ? - help, Q - select action, (/) - cycle Shift-Dir - straight line, f/p - Edmund
Aim: Edmund, wielding a +1 dire flail of protection and wearing a +0 scale mail (moderately wounded, 85% to hit)
The blast of sand hits Edmund but does no damage.
Edmund is moderately wounded.
Edmund closely misses you.
A gnoll comes into view. It is wielding a +0 club.
Unknown command.
Unknown command.
Unknown command.
Okay, then.
As you read the scroll labelled GEBUYSH NINWA, it crumbles to dust.
It is a scroll of identify.
g - 2 potions of might The quokka twitches its whiskers.
Duvessa, Sister of Dowan comes into view.
She is wielding a +0 rapier.
Edmund hits you with a +1 dire flail of protection.
* * * LOW HITPOINT WARNING * * *
As you read the scroll labelled KESIMOX USETIDOB, it crumbles to dust.
You feel strangely unstable.
It was a scroll of teleportation.
Edmund hits you with a +1 dire flail of protection!
You die...
Your body crumbles into a pile of gold.

##............#
..##.
#..°.○○..☼....##*
#....
..○..☼☼.°......#
####.
,...°☼..#g......#
#. ,
..s.§°.☼○.####.#
#.
.....g.○#....#.#
###. *
[...g#Sr####.#.#
##... , .~~.
##@## #..<#
##...## , ~. #@°#
##..##...####
##.# #..)..# ###.
, ~ , .#*
#.#..####... ~ .O
#...))....## ,
~*☼°c ##.......##
*.☼e....#..##.#*
#.##☼.....##..# ~
, *
☼##........#.#
...##..... .#


You could see Edmund, Duvessa, an ogre, a centaur, 2 gnolls, an adder and a
quokka.

Vanquished Creatures
  Sigmund (D:2)
  Menkaure (D:5)
  An ogre (D:5)
  A phantom (D:5)
  A scorpion (D:5)
  An orc wizard (D:3)
  A gnoll (D:1)
  4 adders
  2 worms (D:2)
  3 dart slugs (D:1)
  10 orcs
  2 ball pythons
  2 bats
  5 endoplasms
  3 goblins
  4 hobgoblins
  8 jackals (D:1)
  8 frilled lizards
  2 kobolds
  4 rats
64 creatures vanquished.

Notes
Turn   | Place    | Note
-------+----------+-------------------------------------------
     0 | D:1      | lunkers the Meteoran Wanderer began the quest for the Orb.
     0 | D:1      | lunkers set off with the following items: a +0 club, a +0
                  | scale mail, a potion of berserk rage, a scroll of silence;
                  | and the following spell memorised: Sandblast; and the
                  | following spells available to memorise: Passwall, Petrify.
     0 | D:1      | Reached XP level 1. HP: 14/14 MP: 3/3
    32 | D:1      | Reached skill level 5 in Earth Magic
    48 | D:1      | Reached XP level 2. HP: 17/20 MP: 1/5
   103 | D:1      | Reached XP level 3. HP: 20/26 MP: 2/6
   120 | D:1      | Reached skill level 6 in Earth Magic
   373 | D:1      | Reached XP level 4. HP: 33/33 MP: 0/7
   422 | D:1      | Found a faded altar of an unknown god.
   450 | D:1      | Prayed at the altar of an unknown god.
   450 | D:1      | Became a worshipper of Gozag Ym Sagoz the Greedy
   467 | D:1      | Glimpsed the power of Zot.
   501 | D:2      | Found an opulent altar of Gozag.
   541 | D:2      | Noticed Sigmund
   574 | D:2      | Killed Sigmund
   575 | D:2      | Reached skill level 7 in Earth Magic
   575 | D:2      | Reached XP level 5. HP: 38/38 MP: 1/11
   575 | D:2      | Reached XP level 6. HP: 45/45 MP: 1/12
   636 | D:2      | Learned a level 2 spell: Passwall
   641 | D:2      | Learned a level 4 spell: Petrify
   878 | D:3      | Reached skill level 1 in Transmutations
  1378 | D:5      | Entered Level 5 of the Dungeon
  1403 | D:5      | Noticed an ogre
  1404 | D:5      | Reached skill level 8 in Earth Magic
  1408 | D:5      | Killed an ogre
  1409 | D:5      | Reached XP level 7. HP: 50/50 MP: 9/13
  1457 | D:5      | Noticed Menkaure
  1463 | D:5      | Killed Menkaure
  1489 | D:5      | Noticed Edmund
  1496 | D:5      | Reached XP level 8. HP: 47/57 MP: 10/15
  1503 | D:5      | Noticed Duvessa
  1504 | D:5      | Slain by Edmund

Illustrated notes

Levels and vault maps discovered:
D:1:      lemuel_arrival_lava_pool, layout_loops_ring,
          chequers_ecumenical_altar_simple, minmay_heptomino_h4
D:2:      layout_loops_cross, basic_altar, uniq_jessica, uniq_sigmund
D:3:      layout_rooms, zin_purify
D:4:      layout_basic, grunt_decor_one_mirror
D:5:      cheibrodos_helix_gallery, layout_rooms, tso_oasis_becter,
          item_on_display_a, uniq_menkaure, uniq_duvessa, uniq_edmund

Skill      XL: |  1  2  3  4  5  6  7 |
---------------+----------------------+-----
Earth Magic    | 5 6 7 8 |  8.5
Spellcasting   | 3 4 |  4.6
Transmutations | 2 4 |  4.3
Armour         | |  2.4
Unarmed Combat | |  2.4
Evocations     | |  1.2

Action                   |  1- 3 |  4- 6 |  7- 9 || total
-------------------------+-------+-------+-------++-------
Melee: Club              |    36 |    16 |       ||    52
       Punch             |     1 |       |       ||     1
 Cast: Sandblast         |    33 |    55 |    21 ||   109
  Use: Scroll            |       |       |     3 ||     3
Armor: Scale mail        |    43 |    32 |       ||    75
Dodge: Dodged            |    30 |    20 |     6 ||    56

Table legend: (Time is in decaauts)
 A = Elapsed time spent in this place.
 B = Non-inter-level travel time spent in this place.
 C = Inter-level travel time spent in this place.
 D = Time resting spent in this place.
 E = Time spent auto-exploring this place.
 F = Levels seen in this place.
 G = Mean time per level.
                   A        B        C        D        E       F      G
               +--------+--------+--------+--------+--------+-----+--------+
         Total |   1572 |   1464 |    108 |      0 |    921 |   5 |  314.4 |
       Dungeon |   1572 |   1464 |    108 |      0 |    921 |   5 |  314.4 |
               +--------+--------+--------+--------+--------+-----+--------+

Top non-repeatable levels by time:
     D:1: 564 daAuts
     D:4: 376 daAuts
     D:2: 289 daAuts
     D:3: 203 daAuts
     D:5: 138 daAuts
